 Dungeon Crawl Stone Soup version 0.31-a0-986-g5e6e4ef867 (webtiles) character file.

Game seed: 1728358122331637869

147 Zonian the Conjurer (level 5, -7/28 HPs)
             Began as a Deep Elf Conjurer on Nov 14, 2023.
             Mangled by a wight
             ... wielding a +5 great sword
              (23 damage)
             ... on level 4 of the Dungeon.
             The game lasted 00:05:00 (2812 turns).

Zonian the Conjurer (Deep Elf Conjurer)             Turns: 2812, Time: 00:05:01

Health: -7/28      AC:  2    Str:  8    XL:     5   Next: 8%
Magic:  7/13       EV: 13    Int: 24    God:
Gold:   163        SH:  0    Dex: 12    Spells: 9/12 levels left

rFire   . . .        f - +0 short sword {short}
rCold   + . .        (no shield)
rNeg    . . .        a - +0 robe
rPois   .            (no helmet)
rElec   .            (no cloak)
rCorr   .            (no gloves)
SInv    .            (no boots)
Will    .....        (no amulet)
Stlth   ++           (no ring)
HPRegen 0.24/turn    (no ring)
MPRegen 0.13/turn

%: no passive effects
@: studying Short Blades
A: cold resistance 1, deterioration 2, strong 1, no potion heal 1, devolution 1
a: no special abilities


You were on level 4 of the Dungeon.
You visited 1 branch of the dungeon, and saw 4 of its levels.

You collected 163 gold pieces.


Innate Abilities, Weirdness & Mutations

Your flesh is cold resistant. (rC+)
Your body often deteriorates upon taking damage.
Your muscles are strong. (Str +4, Int/Dex -1)
Potions are less effective at restoring your health.
You have hidden genetic defects.


   Skills:
 + Level 3.8 Dodging
 + Level 4.0 Stealth
 + Level 4.4 Spellcasting
 + Level 5.1 Conjurations


You had 9 spell levels left.
You knew the following spells:

 Your Spells              Type           Power      Damage    Failure   Level
a - Magic Dart            Conj           100%       1d8       1%          1
b - Searing Ray           Conj           60%        2d6       1%          2

Your spell library contained the following spells:

 Spells                   Type           Power      Damage    Failure   Level
 Dazzling Flash           Conj/Hex       34%        N/A       10%         3
 Fulminant Prism          Conj/Hex       8%         3d7       32%         4
 Iskenderun's Mystic Bla  Conj/Tloc      17%        2d5       32%         4

Inventory:

Hand Weapons
 f - a +0 short sword (weapon) {short}
   (You took it off a kobold on level 1 of the Dungeon)
 g - a +0 mace {mace}
   (You found it on level 1 of the Dungeon)
 h - a +0 dagger {short}
   (You took it off a goblin on level 1 of the Dungeon)
 j - a +0 dagger {short}
   (You found it on level 1 of the Dungeon)
 k - a +0 dagger {short}
   (You took it off a goblin on level 1 of the Dungeon)
 n - a +0 sling
   (You found it on level 2 of the Dungeon)
 r - a +0 rapier {short}
   (You found it on level 3 of the Dungeon)
 s - a +0 spectral club {mace}
   (You took it off Jessica on level 3 of the Dungeon)
Missiles
 q - a throwing net {=f!fthrowing}
 t - 3 poisoned darts {throwing}
Armour
 a - a +0 robe (worn)
Scrolls
 d - a scroll of fear {unknown}
 i - 2 scrolls of teleportation {unknown}
 l - a scroll of silence {unknown}
 m - a scroll of fog {unknown}
 o - 2 scrolls of identify {unknown}
 p - a scroll of enchant weapon {unknown}
Potions
 b - a potion of magic
 c - 2 potions of heal wounds {unknown}
 e - 2 potions of attraction {unknown}

Dungeon Overview and Level Annotations

Branches:
Dungeon (4/15) Zot: 21193
 Temple: D:4-7

Altars:

. ..#.###
.......
#.#..#.####
..........#
#.#!#z@#.##
#....l...<#
#..#.#.#..#
...........#
# #.#.#.##.#
..........#
#.##...#####
.. ..## #.#


You could see an iguana and a wight.


Message History

Found a stone staircase leading down.
There is a stone staircase leading down here.
c - 2 brown potions (gained 1)
There is a stone staircase leading down here.
A giant cockroach comes into view.
The magic dart hits the giant cockroach but does no damage. 😎 MP[-1]
You lost 1 mp, and now have 11/12 mp.
The magic dart hits the giant cockroach. 😎 MP[-1]
You lost 1 mp, and now have 10/12 mp.
The magic dart hits the giant cockroach.
You kill the giant cockroach! 😎 MP[-1]
You lost 1 mp, and now have 9/12 mp.
Unknown command.
Found a stone staircase leading down. 😎 MP[+3]
Your mp is fully restored (12).
Things that are here:
a +0 club {mace}; a +0 leather armour You see here a +0 quarterstaff {staff}.
You see here a +0 leather armour.
You open the door.
Jessica and a quokka come into view.
Jessica is wielding a +0 spectral club.
Jessica casts a spell at you. You resist with some effort.
The magic dart hits Jessica.
Jessica gestures wildly while chanting.
Jessica seems to speed up. 😎 MP[-1]
You lost 1 mp, and now have 11/12 mp.
The magic dart hits the quokka!
You kill the quokka! 😎 MP[-1]
You lost 1 mp, and now have 10/12 mp.
The magic dart hits Jessica.
You kill Jessica!
You feel your dexterity returning.
Your Stealth skill increases to level 4!
You have reached level 5! 😎 HP[+4] MP[-1]
You now have 28 max hp (+4).
Your hp is fully restored (28).
There is an open door here.
e - 2 yellow potions
o - 2 scrolls labelled UGEMPOL OCHU GEIF (gained 1) 😎 MP[+1]
s - a +0 spectral club {mace}
Things that are here:
a +0 robe; the human corpse of Jessica; a quokka corpse 😎 MP[+1]
i - 2 scrolls labelled MOETUBRASSE (gained 1)
You feel a genetic drift.
You feel your body start to fall apart.
Unknown command.
You start resting. 😎 MP[+2]
Your mp is fully restored (13).
You start waiting.
Done waiting.
Done exploring.
Done exploring.
Unknown command.
There is an open door here.
You see here a +0 quarterstaff {staff}.
You see here a +0 dagger {short}.
There is a stone staircase leading down here.
You climb downwards.
There is a stone staircase leading up here.
Unknown command.
An iguana and a wight come into view.
The wight moves out of view.
An iguana is nearby!
Unknown command.
The magic dart hits the iguana. 😎 MP[-1]
You lost 1 mp, and now have 12/13 mp.
The magic dart hits the iguana! 😎 MP[-1]
You lost 1 mp, and now have 11/13 mp.
The magic dart hits the iguana but does no damage. 😎 MP[-1]
You lost 1 mp, and now have 10/13 mp.
The magic dart hits the iguana.
The iguana bites you! 😮 HP[-13] MP[-1]
You take 13 damage, and now have 15/28 hp.
MASSIVE DAMAGE!! (PAUSE)
You lost 1 mp, and now have 9/13 mp.
Casting: Magic Dart (safe; 1% risk of failure)
Confirm with . or Enter, or press ? or * to list all spells.
Aiming: Searing Ray (safe; 1% risk of failure)
Press: ? - help, Shift-Dir - straight line, f/p - iguana
Aim: an iguana (severely wounded, 82% to hit)
The searing ray hits the iguana. (Press . to maintain the ray.)
The iguana barely misses you.
The wight hits you with a +5 great sword!!
Ouch! That really hurt!
You die...

Skill      XL: |  1  2  3  4 |
---------------+-------------+-----
Stealth        | 3 4 |  4.0
Dodging        | 3 |  3.8
Spellcasting   | 4 |  4.4
Conjurations   | 5 |  5.1

Action                     |  1- 3 |  4- 6 || total
---------------------------+-------+-------++-------
  Melee: Unarmed           |     4 |       ||     4
         Short sword       |    23 |       ||    23
         Kick              |     1 |       ||     1
   Cast: Magic Dart        |    69 |    22 ||    91
         Searing Ray       |     1 |     2 ||     3
    Use: Potion            |     4 |     1 ||     5
 Armour: Robe              |    21 |     3 ||    24
  Dodge: Dodged            |    29 |     3 ||    32

Levels and vault maps discovered:
D:1:      tarquinn_simple_flora_water_a, layout_rooms, minmay_door_square
D:2:      kennysheep_big_flooded_room, layout_rooms
D:3:      layout_loops_ring, kennysheep_jessica_study
D:4:      layout_basic, hangedman_decor_points

Notes
Turn   | Place    | Note
-------+----------+-------------------------------------------
     0 | D:1      | Zonian the Deep Elf Conjurer began the quest for the Orb.
     0 | D:1      | Reached XP level 1. HP: 10/10 MP: 6/6
     0 | D:1      | magus.rc [v1.9.6]
   325 | D:1      | Reached XP level 2. HP: 15/15 MP: 6/8
   833 | D:2      | Reached skill level 3 in Stealth
  1005 | D:2      | Reached skill level 3 in Dodging
  1005 | D:2      | Reached XP level 3. HP: 19/19 MP: 6/10
  1008 | D:2      | Learned a level 2 spell: Searing Ray
  1944 | D:3      | Gained mutation: You are frail. (-10% HP) [potion of
                  | mutation]
  1944 | D:3      | Gained mutation: You have hidden genetic defects. [potion
                  | of mutation]
  1944 | D:3      | Gained mutation: You have large cloven feet. [potion of
                  | mutation]
  1946 | D:3      | HP: 4/17 [orc wizard/magic dart (8)]
  1950 | D:3      | Reached skill level 4 in Spellcasting
  1950 | D:3      | Reached XP level 4. HP: 6/21 MP: 6/12
  1987 | D:3      | Gained mutation: You have terrible hidden genetic defects.
                  | [hidden defects]
  2081 | D:3      | Lost mutation: You have large cloven feet. [potion of
                  | mutation]
  2081 | D:3      | Lost mutation: You are frail. (-10% HP) [potion of
                  | mutation]
  2081 | D:3      | Gained mutation: Potions are less effective at restoring
                  | your health. [potion of mutation]
  2081 | D:3      | Gained mutation: Your muscles are strong. (Str +4, Int/Dex
                  | -1) [potion of mutation]
  2081 | D:3      | Gained mutation: Your flesh is cold resistant. (rC+)
                  | [potion of mutation]
  2175 | D:3      | Reached skill level 5 in Conjurations
  2175 | D:3      | Gained mutation: Your body sometimes deteriorates upon
                  | taking damage. [hidden defects]
  2175 | D:3      | Lost mutation: You have terrible hidden genetic defects.
                  | [hidden defects expressed]
  2629 | D:3      | Noticed Jessica
  2632 | D:3      | Killed Jessica
  2633 | D:3      | Reached skill level 4 in Stealth
  2633 | D:3      | Reached XP level 5. HP: 28/28 MP: 9/13
  2646 | D:3      | Gained mutation: Your body often deteriorates upon taking
                  | damage. [hidden defects]
  2812 | D:4      | Mangled by a wight

Vanquished Creatures
  An orc priest (D:3)
  Jessica (D:3)
  An orc wizard (D:3)
  2 adders (D:2)
  A worm (D:2)
  3 orcs (D:3)
  5 ball pythons
  3 bats
  5 endoplasms
  4 giant cockroaches
  6 goblins
  4 jackals (D:1)
  2 quokkas
  A kobold (D:1)
  2 rats (D:2)
41 creatures vanquished.

Table legend:
 A = Non-vault XP
 B = Vault XP
 C = Vault XP percentage of total XP
 D = Non-vault monster count
 E = Vault monster count
 F = Vault count percentage of total count
                 A         B        C        D         E       F
            +---------+---------+-------+---------+---------+-------
      Total |     165 |      46 |  21.8 |      37 |       4 |   9.8
            +---------+---------+-------+---------+---------+-------
        D:1 |      24 |       0 |   0.0 |      13 |       0 |   0.0
        D:2 |      46 |       7 |  13.2 |      15 |       2 |  11.8
        D:3 |      95 |      39 |  29.1 |       9 |       2 |  18.2
            +---------+---------+-------+---------+---------+-------

Skill      XL: |  1  2  3  4 |
---------------+-------------+-----
Stealth        | 3 4 |  4.0
Dodging        | 3 |  3.8
Spellcasting   | 4 |  4.4
Conjurations   | 5 |  5.1

Action                     |  1- 3 |  4- 6 || total
---------------------------+-------+-------++-------
  Melee: Unarmed           |     4 |       ||     4
         Short sword       |    23 |       ||    23
         Kick              |     1 |       ||     1
   Cast: Magic Dart        |    69 |    22 ||    91
         Searing Ray       |     1 |     2 ||     3
    Use: Potion            |     4 |     1 ||     5
 Armour: Robe              |    21 |     3 ||    24
  Dodge: Dodged            |    29 |     3 ||    32

Illustrated notes

Table legend:
 A = Kills in this place as a percentage of kills in the entire game.
 B = Kills by you in this place as a percentage of kills by you in the entire game.
 C = Kills by friends in this place as a percentage of kills by friends in the entire game.
 D = Other kills in this place as a percentage of other kills in the entire game.
 E = Experience gained in this place as a percentage of experience gained in the entire game.
 F = Experience gained in this place divided by the number of levels of this place that you have seen.
                   A       B       C       D       E      F
               +-------+-------+-------+-------+-------+----------------------
         Total | 100.0 | 100.0 |   N/A |   N/A | 100.0 |  52.8
       Dungeon | 100.0 | 100.0 |   N/A |   N/A | 100.0 |  52.8
               +-------+-------+-------+-------+-------+----------------------

Table legend: (Time is in decaauts)
 A = Elapsed time spent in this place.
 B = Non-inter-level travel time spent in this place.
 C = Inter-level travel time spent in this place.
 D = Time resting spent in this place.
 E = Time spent auto-exploring this place.
 F = Levels seen in this place.
 G = Mean time per level.
                   A        B        C        D        E       F      G
               +--------+--------+--------+--------+--------+-----+--------+
         Total |   2805 |   2736 |     69 |    548 |   1876 |   4 |  701.2 |
       Dungeon |   2805 |   2736 |     69 |    548 |   1876 |   4 |  701.2 |
               +--------+--------+--------+--------+--------+-----+--------+

Top non-repeatable levels by time:
     D:3: 1068 daAuts
     D:2: 991 daAuts
     D:1: 738 daAuts
     D:4: 7 daAuts
